 Dungeon Crawl Stone Soup version 0.29.0-4-gdea44cf6ec (webtiles) character file.

Game seed: 2234245630346043653

65 qw the Chopper (level 4, 0/26 HPs)
             Began as a Tengu Warper on Aug 28, 2022.
             Killed from afar by an orc wizard (2 damage)
             ... with a magic dart
             ... on level 3 of the Dungeon.
             The game lasted 00:00:11 (2380 turns).

qw the Chopper (Tengu Warper)                       Turns: 2380, Time: 00:00:11

Health: 0/26       AC:  7    Str: 14    XL:     4   Next: 13%
Magic:  8/8        EV:  9    Int: 13    God:
Gold:   108        SH:  0    Dex: 13    Spells: 7/7 levels left

rFire   . . .      SeeInvis .   Y - +0 hand axe
rCold   . . .      Faith    .   (no shield)
rNeg    . . .      Spirit   .   j - +0 scale mail
rPois   .          Reflect  .   (helmet restricted)
rElec   .          Harm     .   (no cloak)
rCorr   .          Rampage  .   i - +0 pair of gloves
Will    .....                   (boots unavailable)
Stlth   ..........              (no amulet)
HPRegen 0.08/turn               (no ring)
MPRegen 0.11/turn               (no ring)

@: no status effects
A: beak, talons 3
a: no special abilities


You were on level 3 of the Dungeon.
You visited 1 branch of the dungeon, and saw 3 of its levels.

You collected 108 gold pieces.


Innate Abilities, Weirdness & Mutations

You have a beak for a mouth.
You have claws for feet.


   Skills:
 - Level 2.0 Fighting
 + Level 4.7 Axes
 - Level 1.0 Throwing
 - Level 1.1 Armour
 - Level 2.1 Dodging
 - Level 2.0 Spellcasting
 - Level 2.4 Translocations


You had 7 spell levels left.
You didn't know any spells.
Your spell library contained the following spells:

 Spells                   Type           Power      Damage    Failure   Level
 Blink                    Tloc           14%        N/A       54%         2
 Gell's Gravitas          Tloc           7%         N/A       77%         3
 Lesser Beckoning         Tloc           7%         N/A       77%         3
 Teleport Other           Tloc           7%         N/A       77%         3
 Manifold Assault         Tloc           7%         N/A       100%        5

Inventory:

Hand Weapons
 g - a +0 mace of protection
 Y - a +0 hand axe (weapon)
Missiles
 f - 2 boomerangs (quivered)
Armour
 i - a +0 pair of gloves (worn)
 j - a +0 scale mail (worn)
Potions
 b - a potion of degeneration {unknown}
 c - a potion of lignification {unknown}
 d - a potion of heal wounds {unknown}
 h - a potion of attraction {unknown}

Dungeon Overview and Level Annotations

Branches:
Dungeon (3/15)

Altars:

Shops:
D:1 !


Message History

The orc hits you with a +0 club.
You bump into the rock wall.
The orc hits you but does no damage.
The orc wizard casts a spell.
The orc wizard flickers and vanishes!
Deactivating autopickup; reactivate with Ctrl-A.
You hit the orc. Your kick misses the orc.
The orc is severely wounded.
You miss something.
You feel less confused. The orc hits you with a +0 club.
Something hits you but does no damage.
You hit the orc.
You kill the orc!
You miss something. Something hits you.
You hit something. Your kick misses something.
Something hits you but does no damage.
You barely miss something. Your peck misses something. Something hits you.
You closely miss something. Your kick misses something.
Your peck misses something. Something hits you.
You miss something. Your peck misses something.
Something hits you but does no damage.
You miss something. Your kick misses something.
Something hits you but does no damage.
You hit something. Your peck misses something.
You hear some strange, mumbled words.
Something tries to affect you, but you resist.
You hit something. Your kick misses something. Your peck misses something.
You hear some strange, mumbled words.
A magic dart appears from out of thin air!
The magic dart hits you.
You closely miss something. Your peck misses something.
Something hits you but does no damage.
You completely miss something. Your peck misses something.
You hear some strange, mumbled words.
A magic dart appears from out of thin air!
The magic dart hits you.
You die...

##.##################
........)...........
##>....){@.###....#
##.######..##....# #
##.##....# #.......#
###.....# ####...>##
#........# #........#
#....###.#


There were no monsters in sight!

Vanquished Creatures
  An adder (D:3)
  2 worms (D:2)
  2 orcs (D:3)
  2 bats
  An endoplasm (D:2)
  4 giant cockroaches
  6 goblins
  5 hobgoblins
  2 quokkas (D:1)
  3 ball pythons
  16 frilled lizards
  3 kobolds
  2 rats
49 creatures vanquished.

Vanquished Creatures (others)
  8 plants
8 creatures vanquished.

Grand Total: 57 creatures vanquished

Notes
Turn   | Place    | Note
-------+----------+-------------------------------------------
     0 | D:1      | qw the Tengu Warper began the quest for the Orb.
     0 | D:1      | Reached XP level 1. HP: 12/12 MP: 4/4
     0 | D:1      | 0 ||| qw: Version: 0.1-a-89-g26bdef1
     0 | D:1      | 0 ||| qw: Game counter: 2874
     0 | D:1      | 0 ||| qw: Always use a shield: true
     0 | D:1      | 0 ||| qw: God list: Okawaru
     0 | D:1      | 0 ||| qw: Allow faded altars: false
     0 | D:1      | 0 ||| qw: Do Orc after D:15 true
     0 | D:1      | 0 ||| qw: Do second Lair branch before Depths: true
     0 | D:1      | 0 ||| qw: Lair rune preference: random
     0 | D:1      | 0 ||| qw: Plans: Normal
     0 | D:1      | 0 ||| PLANNING D:1-11
    40 | D:1      | 40 ||| Stepping ~*~*~tactically~*~*~ (stealth).
   123 | D:1      | 123 ||| DROPPING +0 club.
   140 | D:1      | 140 ||| Stepping ~*~*~tactically~*~*~ (stealth).
   141 | D:1      | 141 ||| Stepping ~*~*~tactically~*~*~ (stealth).
   148 | D:1      | Reached XP level 2. HP: 15/17 MP: 6/6
   378 | D:1      | Reached skill level 3 in Axes
   573 | D:1      | Found Qubriggy's Distillery.
   579 | D:1      | 579 ||| SHOPLISTING 2 potions of heal wounds (130 gold,
                  | have 0).
   579 | D:1      | 579 ||| SHOPLISTING potion of resistance (130 gold, have
                  | 0).
   654 | D:1      | 654 ||| Stepping ~*~*~tactically~*~*~ (stealth).
   656 | D:1      | 656 ||| Stepping ~*~*~tactically~*~*~ (stealth).
   846 | D:1      | 846 ||| Stepping ~*~*~tactically~*~*~ (stealth).
   861 | D:1      | 861 ||| Stepping ~*~*~tactically~*~*~ (stealth).
  1038 | D:1      | 1038 ||| Stepping ~*~*~tactically~*~*~ (stealth).
  1044 | D:1      | Reached XP level 3. HP: 21/21 MP: 7/7
  1256 | D:1      | 1256 ||| UPGRADING to +0 ring mail.
  1266 | D:1      | 1266 ||| DROPPING +0 leather armour.
  1267 | D:1      | 1267 ||| READING scroll labelled ONLYN NUNU.
  1268 | D:1      | 1268 ||| DROPPING scroll of blinking.
  1522 | D:2      | 1522 ||| Stepping ~*~*~tactically~*~*~ (stealth).
  1549 | D:2      | Reached skill level 4 in Axes
  2106 | D:2      | 2106 ||| Stepping ~*~*~tactically~*~*~ (stealth).
  2128 | D:2      | Found a faded altar of an unknown god.
  2194 | D:2      | 2194 ||| UPGRADING to +0 pair of gloves.
  2199 | D:2      | 2199 ||| UPGRADING to +0 scale mail.
  2209 | D:2      | 2209 ||| DROPPING +0 ring mail.
  2210 | D:2      | 2210 ||| READING scroll labelled SEMONIPH EMNA.
  2211 | D:2      | 2211 ||| READING scroll labelled ASAMAJEIFEF.
  2224 | D:3      | 2224 ||| STAIRDANCE
  2335 | D:3      | Reached XP level 4. HP: 26/26 MP: 8/8
  2374 | D:3      | HP: 5/26 [something (4)]
  2378 | D:3      | HP: 2/26 [something/magic dart (3)]
  2380 | D:3      | Killed from afar by an orc wizard

Levels and vault maps discovered:
D:1:      lemuel_arrival_muddy, layout_loops_corners, serial_shops,
          shop_fountains, hex_medium, minmay_lizard_king
D:2:      layout_basic, chequers_ecumenical_altar_lobes,
          kennysheep_pointless_box
D:3:      layout_basic, serial_shops, nicolae_shop_crystal

Skill      XL: |  1  2  3 |
---------------+----------+-----
Axes           | 3 4 |  4.7
Fighting       | |  2.0
Throwing       | |  1.0
Armour         | |  1.1
Dodging        | |  2.1
Spellcasting   | |  2.0
Translocations | |  2.4

Action                   |  1- 3 |  4- 6 || total
-------------------------+-------+-------++-------
Melee: Hand axe          |    74 |    16 ||    90
       Kick              |    18 |     1 ||    19
       Peck              |     7 |     1 ||     8
Throw: Boomerang         |    50 |       ||    50
  Use: Scroll            |     3 |       ||     3
Armor: Leather armour    |     7 |       ||     7
       Scale mail        |     4 |    22 ||    26
       Ring mail         |     3 |       ||     3
Dodge: Dodged            |    24 |     5 ||    29

Table legend:
 A = Non-vault XP
 B = Vault XP
 C = Vault XP percentage of total XP
 D = Non-vault monster count
 E = Vault monster count
 F = Vault count percentage of total count
                 A         B        C        D         E       F
            +---------+---------+-------+---------+---------+-------
      Total |      82 |      11 |  11.8 |      38 |      11 |  22.4
            +---------+---------+-------+---------+---------+-------
        D:1 |      32 |      11 |  25.6 |      19 |      11 |  36.7
        D:2 |      27 |       0 |   0.0 |      13 |       0 |   0.0
        D:3 |      23 |       0 |   0.0 |       6 |       0 |   0.0
            +---------+---------+-------+---------+---------+-------
